 Dungeon Crawl Stone Soup version 0.31.0-9-g3a7656b989 (webtiles) character file.

Game seed: 994941391255532904

13416 qw the Markself (level 11, -8/64 HPs)
             Began as a Deep Elf Hunter on Feb 2, 2024.
             Was a High Priest of Okawaru.
             Mangled by a komodo dragon (20 damage)
             ... on level 1 of the Lair of Beasts.
             The game lasted 00:01:16 (12026 turns).

qw the Markself (Deep Elf Hunter)                  Turns: 12026, Time: 00:01:16

Health: -8/64      AC: 14    Str: 12    XL:     11   Next: 75%
Magic:  18/18      EV: 17    Int: 18    God:    Okawaru [*****.]
Gold:   481        SH:  0    Dex: 18    Spells: 10/10 levels left

rFire   . . .        b - +0 triple crossbow
rCold   + . .        (shield currently unavailable)
rNeg    . . .        h - +5 leather armour "Zockoc" {rC+ rCorr Int+3 Stlth+}
rPois   .            m - +2 helmet {SInv}
rElec   .            (no cloak)
rCorr   +            (no gloves)
SInv    +            g - +2 pair of boots
Will    +....        l - amulet of the acrobat
Stlth   +++          (no ring)
HPRegen 0.30/turn    (no ring)
MPRegen 0.16/turn

%: acrobat, clarity
@: about to teleport
A: clarity
a: Renounce Religion, Heroism, Finesse, Duel


You were on level 1 of the Lair of Beasts.
You worshipped Okawaru.
Okawaru was extremely pleased with you.
You visited 3 branches of the dungeon, and saw 13 of its levels.
You also visited: Sewer and Ossuary.

You collected 751 gold pieces.
You spent 270 gold pieces at shops.


Innate Abilities, Weirdness & Mutations

You possess an exceptional clarity of mind.


   Skills:
 - Level 5.5 Fighting
 + Level 19.1 Ranged Weapons
 - Level 1.1 Armour
 - Level 9.0 Dodging
 - Level 1.2 Stealth
 + Level 7.9 Invocations


You had 10 spell levels left.
You didn't know any spells.
Your spell library was empty.

Inventory:

Hand Weapons
 b - a +0 triple crossbow (weapon)
Armour
 c - a +2 leather armour of fire resistance
 g - a +2 pair of boots (worn)
 h - the +5 leather armour "Zockoc" (worn) {rC+ rCorr Int+3 Stlth+}
   (You found it on level 2 of the Dungeon)

   Int+3:     It affects your intelligence (+3).
   rC+:       It protects you from cold.
   rCorr:     It protects you from acid and corrosion.
   Stlth+:    It makes you more stealthy.
 m - a +2 helmet of see invisible (worn)
Jewellery
 d - a ring of resist corrosion
 f - a ring of resist corrosion
 l - an amulet of the acrobat (around neck)
Wands
 e - a wand of light (18)
 r - a wand of mindburst (17)
Scrolls
 a - 3 scrolls of identify
Potions
 i - 10 potions of curing
 j - 2 potions of cancellation
 n - a potion of heal wounds
 o - 4 potions of enlightenment
 p - 3 potions of mutation
 q - 2 potions of might
 s - a potion of magic

Dungeon Overview and Level Annotations

Branches:
Dungeon (11/15)            Temple (1/1) D:6            Lair (1/5) D:11
    Orc (0/2) D:9           Sewer (visited)         Ossuary (visited)

Altars:
Ashenzari
Cheibriados
Dithmenos
Elyvilon
Fedhas
Gozag
Hepliaklqana
Kikubaaqudgha
Makhleb
Nemelex Xobeh
Okawaru
Qazlal
Ru
Sif Muna
Trog
Uskayaw
Vehumet
Wu Jian
Xom
Yredelemnul
Zin
The Shining One

Shops:
D:10 (

Portals:
Trove: D:11 (give horn of Geryon)

Annotations:
D:1 2 transporters
D:4 2 transporters, 1 runed translucent door, Crazy Yiuf; qw's ghost, novice DjHu


Message History

The komodo dragon is heavily wounded.
A nearby plant withers and dies.
The bullfrog barely misses you.
The komodo dragon bites you but does no damage.
The bullfrog hits you but does no damage.
You shoot a bolt.
The bolt hits the komodo dragon but does no damage.
The komodo dragon is heavily wounded.
The bullfrog closely misses you. The komodo dragon barely misses you.
The bullfrog hits you but does no damage.
The komodo dragon misses you.
You shoot a bolt.
The bolt closely misses the komodo dragon.
The bullfrog barely misses you. The komodo dragon closely misses you.
The bullfrog hits you.
You shoot a bolt.
The bolt hits the komodo dragon but does no damage.
The komodo dragon is heavily wounded.
The bullfrog closely misses you.
The komodo dragon hisses menacingly.
The komodo dragon closely misses you. The bullfrog completely misses you.
The komodo dragon bites you but does no damage.
You shoot a bolt.
The bolt closely misses the komodo dragon.
The bullfrog closely misses you.
The bullfrog hits you but does no damage.
The komodo dragon bites you!
You shoot a bolt. The bolt hits the komodo dragon!
The komodo dragon is severely wounded.
The bullfrog hits you but does no damage.
The komodo dragon misses you. The bullfrog hits you.
The komodo dragon misses you.
You shoot a bolt. The bolt hits the komodo dragon.
The komodo dragon is almost dead.
The bullfrog hits you. x2; The komodo dragon misses you.
The bullfrog barely misses you.
12026 ||| READING scroll of teleportation.
As you read the scroll of teleportation, it crumbles to dust.
You feel strangely unstable. The komodo dragon bites you!!
You die...

......... ........#
......# .....# #...#
#...## ## #
####..<.####P##P##.
..........##........
............@F......
.............l......
##...#....###.....##
##..##.... ?.....#
... #...#. .......
##. ...............
....... ........
###.... .......


You could see a komodo dragon and a bullfrog.

Vanquished Creatures
  A two-headed ogre (D:10)
  Urug (D:11)
  A cyclops (D:11)
  2 manticores (D:11)
  Joseph (D:6)
  A komodo dragon (D:11)
  Prince Ribbit (D:8)
  A shadow (D:10)
  A vampire (D:10)
  3 wyverns
  A wraith (D:10)
  3 humans (D:7)
  4 steam dragons
  2 basilisks (D:11)
  18 yaks
  3 water moccasins
  7 orc warriors
  A black bear (D:5)
  Pargi (D:3)
  A sky beast (D:7)
  4 ogres
  4 centaurs
  A kobold brigand (D:11)
  An elf zombie (Ossuary)
  A bullfrog (D:6)
  4 scorpions
  A burial acolyte (Ossuary)
  10 wights
  24 killer bees
  4 howler monkeys (D:10)
  4 human zombies (Ossuary)
  A centaur zombie (Ossuary)
  6 orc priests
  4 bombardier beetles
  4 hounds
  A spectral scorpion (Ossuary)
  2 gnoll boudas (D:9)
  2 jellies (D:4)
  3 iguanas
  2 sleepcaps
  Natasha (thrice) (D:2)
  10 orc wizards
  A hell rat (Sewer)
  A statue (D:4)
  A crocodile zombie (Ossuary)
  2 hound zombies (Ossuary)
  3 mummies (Ossuary)
  Robin (D:2)
  9 gnolls (D:9)
  12 adders
  A river rat (Sewer)
  A shadow imp (D:6)
  A white imp (D:8)
  3 adder zombies (Ossuary)
  4 dart slugs
  2 ribbon worms
  36 orcs
  4 endoplasms
  5 giant cockroaches
  A gnoll zombie (Ossuary)
  10 hobgoblins
  8 jackals
  5 quokkas
  12 ball pythons
  5 ball python zombies (Ossuary)
  6 bats
  3 frilled lizards
  17 goblins
  A goblin zombie (D:6)
  4 jackal zombies (Ossuary)
  8 kobolds
  4 kobold zombies (Ossuary)
  An orc zombie (Ossuary)
  A quokka zombie (D:6)
  7 rats
330 creatures vanquished.

Vanquished Creatures (others)
  A white imp (D:7)
1 creature vanquished.

Grand Total: 331 creatures vanquished

Notes
Turn   | Place    | Note
-------+----------+-------------------------------------------
     0 | D:1      | qw the Deep Elf Hunter began the quest for the Orb.
     0 | D:1      | Reached XP level 1. HP: 12/12 MP: 3/3
     0 | D:1      | 0 ||| qw: Version: 0.3-a-155-g5e7d8dd
     0 | D:1      | 0 ||| qw: Game counter: 1437
     0 | D:1      | 0 ||| qw: Melee chars always use a shield: true
     0 | D:1      | 0 ||| qw: God list: Okawaru
     0 | D:1      | 0 ||| qw: Allow faded altars: false
     0 | D:1      | 0 ||| qw: Do Orc after clearing Dungeon:15 true
     0 | D:1      | 0 ||| qw: Do second Lair branch before Depths: true
     0 | D:1      | 0 ||| qw: Lair rune preference: random
     0 | D:1      | 0 ||| qw: Goals: Normal
     0 | D:1      | 0 ||| PLANNING D:1-11
   192 | D:1      | Reached XP level 2. HP: 16/16 MP: 4/4
   194 | D:1      | Reached skill level 6 in Ranged Weapons
   912 | D:1      | 912 ||| UPGRADING to +0 ring mail.
   922 | D:1      | 922 ||| DROPPING +0 leather armour.
   923 | D:1      | 923 ||| UPGRADING to ring of resist corrosion.
   924 | D:1      | 924 ||| DROPPING ring of flight.
   925 | D:1      | 925 ||| READING scroll labelled TOPECU UWOQIOL.
   957 | D:1      | 957 ||| READING scroll labelled BEKUMY DE IFIM.
   958 | D:1      | 958 ||| READING scroll labelled ILAC WYEGGANUGH.
   958 | D:1      | 958 ||| ENCHANTING +0 ring mail.
   959 | D:1      | 959 ||| DROPPING scroll of butterflies.
   988 | D:2      | Identified the +0 helmet "Tiakoox" {Will+}
   988 | D:2      | Noticed Robin
   989 | D:2      | 989 ||| RETREEEEATING.
   990 | D:2      | 990 ||| RETREEEEATING.
   991 | D:2      | 991 ||| STAIRDANCE
   997 | D:1      | Reached XP level 3. HP: 17/20 MP: 5/5
  1101 | D:2      | Killed Robin
  1102 | D:2      | Reached skill level 7 in Ranged Weapons
  1110 | D:2      | Noticed Natasha
  1118 | D:2      | Killed Natasha
  1119 | D:2      | Reached XP level 4. HP: 22/25 MP: 6/6
  1322 | D:2      | Identified the +5 leather armour "Zockoc" {rC+ rCorr Int+3
                  | Stlth+}
  1367 | D:2      | Noticed Natasha
  1377 | D:2      | HP: 6/25 [Natasha/magic dart (8)]
  1381 | D:2      | Killed Natasha
  1382 | D:2      | Reached skill level 8 in Ranged Weapons
  1384 | D:2      | HP: 3/25 [rat (2)]
  1650 | D:2      | Reached XP level 5. HP: 29/29 MP: 7/7
  1792 | D:2      | Noticed Natasha
  1795 | D:2      | Killed Natasha
  2008 | D:2      | 2008 ||| UPGRADING to +0 helmet "Tiakoox" {Will+}.
  2013 | D:2      | 2013 ||| UPGRADING to +5 leather armour "Zockoc" {rC+ rCorr
                  | Int+3 Stlth+}.
  2023 | D:2      | 2023 ||| REMOVING ring of resist corrosion.
  2024 | D:2      | 2024 ||| DROPPING +1 ring mail.
  2025 | D:2      | 2025 ||| READING 7 scrolls labelled RAURCHI WODUCUWK.
  2025 | D:2      | 2025 ||| IDENTIFYING bubbling red potion
  2026 | D:2      | 2026 ||| READING 6 scrolls of identify.
  2026 | D:2      | 2026 ||| IDENTIFYING white potion
  2027 | D:2      | 2027 ||| READING 5 scrolls of identify.
  2027 | D:2      | 2027 ||| IDENTIFYING fizzy ruby potion
  2028 | D:2      | 2028 ||| READING 4 scrolls of identify.
  2028 | D:2      | 2028 ||| IDENTIFYING 2 fuming yellow potions
  2029 | D:2      | 2029 ||| READING 3 scrolls of identify.
  2029 | D:2      | 2029 ||| IDENTIFYING 3 silvery potions
  2030 | D:2      | 2030 ||| READING 2 scrolls of identify.
  2030 | D:2      | 2030 ||| IDENTIFYING scroll labelled LALICKUXKAE
  2031 | D:2      | 2031 ||| READING scroll of identify.
  2031 | D:2      | 2031 ||| IDENTIFYING scroll labelled QIJ FEBRIYGOUC
  2032 | D:2      | 2032 ||| DROPPING scroll of revelation.
  2033 | D:2      | 2033 ||| DROPPING scroll of poison.
  2034 | D:2      | 2034 ||| DROPPING 2 potions of degeneration.
  2035 | D:2      | 2035 ||| DROPPING potion of magic.
  2062 | D:3      | 2062 ||| STAIRDANCE
  2096 | D:3      | 2096 ||| STAIRDANCE
  2112 | D:3      | Reached skill level 9 in Ranged Weapons
  2383 | D:3      | Noticed Pargi
  2405 | D:3      | HP: 6/29 [Pargi (3)]
  2406 | D:3      | 2406 ||| DRINKING potion of heal wounds.
  2412 | D:3      | Killed Pargi
  2413 | D:3      | Reached XP level 6. HP: 27/34 MP: 8/8
  3138 | D:3      | 3138 ||| UPGRADING to +0 pair of boots.
  3143 | D:3      | 3143 ||| READING scroll of enchant armour.
  3143 | D:3      | 3143 ||| ENCHANTING +0 pair of boots.
  3144 | D:3      | 3144 ||| READING scroll labelled CAEHEKUACH.
  3245 | D:3      | 3245 ||| READING scroll labelled BARASM UTIA.
  3245 | D:3      | 3245 ||| BRANDING +0 shortbow.
  3275 | D:4      | Found a transporter.
  3276 | D:4      | 3276 ||| PLANNING SEWER
  3336 | D:4      | Noticed qw's ghost (novice DjHu)
  3349 | D:4      | Found a transporter.
  3519 | D:4      | Reached skill level 10 in Ranged Weapons
  3582 | D:4      | Reached XP level 7. HP: 40/40 MP: 9/9
  3717 | D:4      | Found a runed translucent door.
  3718 | D:4      | Noticed Crazy Yiuf
  3878 | D:4      | Found a glowing drain.
  3879 | D:4      | 3879 ||| READING scroll labelled RAINYPS LOCIUTS.
  3879 | D:4      | 3879 ||| ENCHANTING +0 shortbow of draining.
  3880 | D:4      | 3880 ||| DRINKING 2 sedimented pink potions.
  3881 | D:4      | 3881 ||| DRINKING 2 sapphire potions.
  3882 | D:4      | 3882 ||| DROPPING potion of brilliance.
  3888 | Sewer    | Entered a sewer
  4020 | Sewer    | 4020 ||| READING scroll of enchant armour.
  4020 | Sewer    | 4020 ||| ENCHANTING +1 pair of boots.
  4031 | Sewer    | 4031 ||| UPGRADING to amulet of the acrobat.
  4036 | Sewer    | 4036 ||| READING scroll labelled WONIBUCWASI.
  4047 | D:4      | 4047 ||| PLANNING D:1-11
  4145 | D:4      | Found a radiant altar of Vehumet.
  4157 | D:4      | Reached skill level 11 in Ranged Weapons
  4239 | D:5      | Entered Level 5 of the Dungeon
  4292 | D:5      | Identified the +12 whip of Ogot {pain, rElec rN+ Int+3
                  | Stlth+}
  4309 | D:5      | Found a broken altar of Ashenzari.
  4561 | D:5      | Reached skill level 12 in Ranged Weapons
  4617 | D:5      | 4617 ||| FLEEEEING.
  4618 | D:5      | 4618 ||| FLEEEEING.
  4619 | D:5      | 4619 ||| STAIRDANCE
  4759 | D:4      | 4759 ||| UPGRADING to +1 helmet of see invisible.
  4769 | D:4      | 4769 ||| READING scroll labelled SAGUFI CINLE.
  4904 | D:5      | Reached XP level 8. HP: 42/45 MP: 10/10
  4911 | D:5      | 4911 ||| ZAPPING wand of light (13) at 0,1 (black bear;
                  | floor).
  4912 | D:5      | Reached skill level 3 in Fighting
  4932 | D:5      | Reached skill level 1 in Armour
  5080 | D:6      | 5080 ||| PLANNING OSSUARY
  5116 | D:6      | Found a sand-covered staircase.
  5126 | Ossuary  | Entered an ossuary
  5385 | Ossuary  | Reached skill level 13 in Ranged Weapons
  5523 | Ossuary  | 5523 ||| READING scroll of identify.
  5523 | Ossuary  | 5523 ||| IDENTIFYING bubbling dark potion
  5524 | Ossuary  | 5524 ||| READING scroll labelled AMMUUKKOPIR.
  5525 | Ossuary  | 5525 ||| DRINKING 3 clear potions.
  5526 | Ossuary  | 5526 ||| DRINKING 2 viscous green potions.
  5527 | Ossuary  | 5527 ||| DROPPING potion of lignification.
  5531 | D:6      | 5531 ||| PLANNING D:1-11
  5972 | D:6      | Found a bloodstained altar of Trog.
  5972 | D:6      | Found a faded altar of an unknown god.
  5978 | D:6      | Found a shadowy altar of Dithmenos.
  5980 | D:6      | Found a shimmering altar of Xom.
  5982 | D:6      | Found a faded altar of an unknown god.
  6058 | D:6      | Reached skill level 14 in Ranged Weapons
  6064 | D:6      | Reached XP level 9. HP: 51/51 MP: 11/11
  6141 | D:6      | Reached skill level 6 in Dodging
  6471 | D:6      | Found a staircase to the Ecumenical Temple.
  6472 | D:6      | 6472 ||| PLANNING TEMPLE
  6472 | D:6      | 6472 ||| READING scroll of identify.
  6472 | D:6      | 6472 ||| IDENTIFYING bubbling emerald potion
  6473 | D:6      | 6473 ||| DROPPING potion of ambrosia.
  6482 | Temple   | Entered the Ecumenical Temple
  6483 | Temple   | 6483 ||| PLANNING OKAWARU WORSHIP
  6490 | Temple   | Became a worshipper of Warmaster Okawaru
  6491 | Temple   | 6491 ||| PLANNING D:1-11
  6946 | D:7      | Noticed Joseph
  6947 | D:7      | 6947 ||| DRINKING potion of haste.
  6951 | D:7      | 6951 ||| FLEEEEING.
  6956 | D:7      | 6956 ||| STAIRDANCE
  6989 | D:7      | 6989 ||| STAIRDANCE
  7045 | D:7      | 7045 ||| STAIRDANCE
  7084 | D:7      | 7084 ||| STAIRDANCE
  7134 | D:7      | 7134 ||| STAIRDANCE
  7185 | D:7      | 7185 ||| STAIRDANCE
  7195 | D:6      | Killed Joseph
  7223 | D:7      | 7223 ||| STAIRDANCE
  7242 | D:7      | 7242 ||| STAIRDANCE
  7321 | D:7      | Reached * piety under Okawaru
  7420 | D:7      | Identified the +0 plate armour "Qiabb" {Str+3 Int+3}
  7476 | D:7      | Reached skill level 1 in Invocations
  7576 | D:7      | Reached skill level 3 in Invocations
  7828 | D:7      | 7828 ||| Stepping ~*~*~tactically~*~*~ (cloud).
  8005 | D:7      | 8005 ||| DROPPING amulet of magic regeneration.
  8006 | D:7      | 8006 ||| DROPPING ring of magical power.
  8172 | D:8      | Reached ** piety under Okawaru
  8219 | D:8      | Reached skill level 9 in Dodging
  8228 | D:8      | Reached XP level 10. HP: 43/59 MP: 15/15
  8555 | D:8      | 8555 ||| SWAPPING to +0 orcbow.
  8556 | D:8      | 8556 ||| DROPPING +1 shortbow of draining.
  8665 | D:8      | Noticed Prince Ribbit
  8681 | D:8      | HP: 8/59 [Prince Ribbit (11)]
  8682 | D:8      | 8682 ||| READING scroll of teleportation.
  8682 | D:8      | HP: 2/59 [Prince Ribbit (6)]
  8686 | D:8      | Killed Prince Ribbit
  8954 | D:8      | 8954 ||| READING scroll of identify.
  8954 | D:8      | 8954 ||| IDENTIFYING fuming red potion
  8955 | D:8      | 8955 ||| READING scroll labelled LASSUCIGYSCH.
  8955 | D:8      | Identified a scroll of acquirement
  8955 | D:8      | 8955 ||| ACQUIRING +3 arbalest of freezing
  8955 | D:8      | Acquired a +3 arbalest of freezing
  8957 | D:8      | 8957 ||| SWAPPING to +3 arbalest of freezing.
  8958 | D:8      | 8958 ||| DROPPING +0 orcbow.
  8959 | D:8      | 8959 ||| DRINKING 2 viscous brown potions.
  8959 | D:8      | Gained mutation: You possess an exceptional clarity of
                  | mind. [potion of mutation]
  8960 | D:8      | 8960 ||| DROPPING potion of attraction.
  9018 | D:9      | Identified the +8 chain mail of Wariness {Int+3 Slay+2}
  9341 | D:9      | Reached skill level 15 in Ranged Weapons
  9392 | D:9      | 9392 ||| INVOKING Heroism.
  9401 | D:9      | Reached *** piety under Okawaru
  9408 | D:9      | Reached skill level 16 in Ranged Weapons
  9581 | D:9      | Found a staircase to the Orcish Mines.
  9693 | D:9      | Found a white marble altar of Elyvilon.
  9898 | D:9      | 9898 ||| RETREEEEATING.
  9900 | D:9      | 9900 ||| RETREEEEATING.
  9901 | D:9      | 9901 ||| RETREEEEATING.
  9902 | D:9      | 9902 ||| RETREEEEATING.
  9903 | D:9      | 9903 ||| RETREEEEATING.
 10109 | D:9      | 10109 ||| READING scroll labelled KEPRIAS JARGH.
 10133 | D:10     | Entered Level 10 of the Dungeon
 10133 | D:10     | Noticed a two-headed ogre
 10133 | D:10     | Found Yfier's Antique Weapon Shop.
 10134 | D:10     | 10134 ||| INVOKING Heroism.
 10137 | D:10     | Killed a two-headed ogre
 10137 | D:10     | Reached **** piety under Okawaru
 10138 | D:10     | Reached skill level 17 in Ranged Weapons
 10150 | D:10     | 10150 ||| BUYING triple crossbow (270 gold).
 10150 | D:10     | Bought a triple crossbow for 270 gold pieces
 10150 | D:10     | 10150 ||| SWAPPING to +0 triple crossbow.
 10151 | D:10     | 10151 ||| DROPPING +3 arbalest of freezing.
 10173 | D:10     | 10173 ||| RETREEEEATING.
 10180 | D:10     | 10180 ||| RETREEEEATING.
 10181 | D:10     | 10181 ||| RETREEEEATING.
 10467 | D:10     | Reached XP level 11. HP: 64/64 MP: 16/16
 10570 | D:10     | 10570 ||| RETREEEEATING.
 10572 | D:10     | 10572 ||| RETREEEEATING.
 10576 | D:10     | 10576 ||| RETREEEEATING.
 10577 | D:10     | 10577 ||| RETREEEEATING.
 10578 | D:10     | 10578 ||| RETREEEEATING.
 10580 | D:10     | 10580 ||| INVOKING Finesse.
 10594 | D:10     | 10594 ||| INVOKING Finesse.
 10703 | D:10     | Found a hazy altar of Hepliaklqana.
 10721 | D:10     | Found an opulent altar of Gozag.
 10837 | D:11     | Noticed Urug
 10838 | D:11     | 10838 ||| INVOKING Finesse.
 10850 | D:11     | Killed Urug
 10851 | D:11     | Reached skill level 18 in Ranged Weapons
 10911 | D:11     | 10911 ||| READING scroll of enchant armour.
 10911 | D:11     | 10911 ||| ENCHANTING +1 helmet of see invisible.
 10918 | D:11     | 10918 ||| RETREEEEATING.
 10923 | D:11     | 10923 ||| INVOKING Finesse.
 10940 | D:11     | Reached skill level 6 in Invocations
 10997 | D:11     | Found a staircase to the Lair.
 11109 | D:11     | 11109 ||| STAIRDANCE
 11113 | D:10     | 11113 ||| DROPPING +0 helmet "Tiakoox" {Will+}.
 11116 | D:11     | 11116 ||| STAIRDANCE
 11162 | D:11     | 11162 ||| STAIRDANCE
 11196 | D:11     | 11196 ||| STAIRDANCE
 11202 | D:11     | 11202 ||| STAIRDANCE
 11221 | D:11     | 11221 ||| STAIRDANCE
 11227 | D:11     | 11227 ||| STAIRDANCE
 11261 | D:11     | 11261 ||| STAIRDANCE
 11268 | D:11     | 11268 ||| STAIRDANCE
 11275 | D:11     | 11275 ||| STAIRDANCE
 11317 | D:11     | 11317 ||| STAIRDANCE
 11341 | D:11     | 11341 ||| STAIRDANCE
 11350 | D:11     | 11350 ||| STAIRDANCE
 11364 | D:11     | 11364 ||| STAIRDANCE
 11389 | D:11     | 11389 ||| STAIRDANCE
 11462 | D:11     | 11462 ||| STAIRDANCE
 11534 | D:11     | Reached ***** piety under Okawaru
 11801 | D:11     | Reached skill level 19 in Ranged Weapons
 11839 | D:11     | Found a portal to a secret trove of treasure.
 11966 | D:11     | 11966 ||| PLANNING LAIR
 11998 | Lair:1   | Entered Level 1 of the Lair of Beasts
 12025 | Lair:1   | HP: 15/64 [bullfrog (3)]
 12026 | Lair:1   | 12026 ||| READING scroll of teleportation.
 12026 | Lair:1   | Mangled by a komodo dragon

Levels and vault maps discovered:
D:1:      spicycebolla_arrival_transporter_tutorial, layout_basic,
          glass_columns_b
D:2:      layout_loops_ring, uniq_robin, uniq_natasha
D:3:      layout_loops_corners, grunt_ministairs_12, roderic_lattice_a,
          grunt_decor_resistance, uniq_pargi
D:4:      layout_gridville, vehumet_statue, gup_sewer_entry_bubbles,
          gammafunk_ghost_arena, minmay_misc_feat_rugged,
          uniq_crazy_yiuf_cottage
D:5:      layout_rooms, overflow_temple_1_default
D:6:      layout_layer_cave, chequers_temple_overflow_minitemple,
          minmay_temple_entry_antechambers, enter_ossuary_4,
          hangedman_abyss_or_decor_lesser_grid, minmay_misc_feat_more_columns
D:7:      layout_basic, minmay_ruffians, uniq_joseph
D:8:      layout_loops_ring, uniq_prince_ribbit1
D:9:      layout_basic, lemuel_coloured_pillars_altar, orc_0_dummy
D:10:     layout_cave_pools, nicolae_gozag_cash_rules_everything_around_me,
          mainiacjoe_overflow_catwalk, serial_shops, shop
D:11:     layout_rooms, minmay_lair_entry_grove, special_room
          [special_room_orc], nicolae_trove_entry_crystal, uniq_urug
Temple:   eino_temple_lava
Lair:1:   minmay_lair_oklob_chamber, layout_gridlike, basic_altar,
          chequers_serial_rivers_large_b, chequers_serial_rivers_marsh,
          uniq_grum

Skill      XL: |  1  2  3  4  5  6  7  8  9 10 11 |
---------------+----------------------------------+-----
Ranged Weapons | 6 7 8 9 10 12 14 17 19 | 19.1
Dodging        | 4 5 9 |  9.0
Fighting       | 2 3 5 |  5.5
Armour         | 1 |  1.1
Invocations    | 4 7 |  7.9
Stealth        | |  1.2

Action                     |  1- 3 |  4- 6 |  7- 9 | 10-12 || total
---------------------------+-------+-------+-------+-------++-------
   Fire: Shortbow          |    78 |   197 |   547 |    19 ||   841
         Arbalest          |       |       |       |   102 ||   102
         Triple crossbow   |       |       |       |   236 ||   236
         Orcbow            |       |       |       |    26 ||    26
 Invoke: Heroism           |       |       |       |     2 ||     2
         Finesse           |       |       |       |     3 ||     3
  Evoke: Wand              |       |       |     1 |       ||     1
    Use: Scroll            |     3 |    10 |     7 |     6 ||    26
         Potion            |       |     1 |     5 |     1 ||     7
 Armour: Ring mail         |    17 |    21 |       |       ||    38
         Leather armour    |       |    54 |   138 |   158 ||   350
  Dodge: Dodged            |    24 |    73 |   138 |   272 ||   507

Table legend:
 A = Non-vault XP
 B = Vault XP
 C = Vault XP percentage of total XP
 D = Non-vault monster count
 E = Vault monster count
 F = Vault count percentage of total count
                 A         B        C        D         E       F
            +---------+---------+-------+---------+---------+-------
      Total |   13393 |    5774 |  30.1 |     227 |     104 |  31.4
            +---------+---------+-------+---------+---------+-------
        D:1 |      36 |       8 |  18.2 |      19 |       4 |  17.4
        D:2 |     144 |      75 |  34.2 |      29 |       9 |  23.7
        D:3 |      45 |     143 |  76.1 |      17 |       2 |  10.5
        D:4 |     418 |      57 |  12.0 |      26 |       7 |  21.2
        D:5 |     899 |       0 |   0.0 |      16 |       0 |   0.0
        D:6 |     772 |     365 |  32.1 |      18 |       3 |  14.3
        D:7 |    1033 |     588 |  36.3 |      13 |       3 |  18.8
        D:8 |     949 |     300 |  24.0 |      16 |       1 |   5.9
        D:9 |    3043 |       0 |   0.0 |      37 |       0 |   0.0
       D:10 |    3019 |     629 |  17.2 |      20 |      18 |  47.4
       D:11 |    2205 |    2985 |  57.5 |      12 |      21 |  63.6
     Lair:1 |     830 |       0 |   0.0 |       4 |       0 |   0.0
      Sewer |       0 |      48 | 100.0 |       0 |       4 | 100.0
    Ossuary |       0 |     576 | 100.0 |       0 |      32 | 100.0
            +---------+---------+-------+---------+---------+-------
